 Dungeon Crawl Stone Soup version 0.26-a0-1205-g4083c211ab (webtiles) character file.

Game seed: 5370265250411771098

2 Goblin1989 the Sneak (level 1, 0/18 HPs)
             Began as a Demonspawn Delver on Dec 30, 2020.
             Succumbed to a worker ant's poison
             ... on level 5 of the Dungeon.
             The game lasted 00:01:01 (67 turns).

Goblin1989 the Sneak (Demonspawn Delver)              Turns: 67, Time: 00:01:03

Health: 0/18       AC:  3    Str: 12    XL:     1   Next: 33%
Magic:  1/1        EV: 12    Int: 11    God:
Gold:   0          SH:  0    Dex: 14    Spells: 0/0 levels left

rFire    . . .     SeeInvis .   a - +0 short sword
rCold    . . .     Faith    .   (no shield)
rNeg     . . .     Spirit   .   b - +0 leather armour
rPois    .         Reflect  .   (no helmet)
rElec    .         Harm     .   (no cloak)
rCorr    .         Rampage  .   (no gloves)
Will     .....                  (no boots)
Stlth    +++.......             (no amulet)
HPRegen  0.06/turn              (no ring)
MPRegen  0.07/turn              (no ring)

@: lethally poisoned (0 -> -10)
A: no striking features
a: no special abilities


You were on level 5 of the Dungeon.
You visited 1 branch of the dungeon, and saw 1 of its levels.

Inventory:

Hand Weapons
 a - a +0 short sword (weapon)
Armour
 b - a +0 leather armour (worn)
Wands
 g - a wand of digging (3) {@v1}
Scrolls
 c - a scroll of fog
 e - a scroll of fear
 M - a scroll of magic mapping
Potions
 f - a potion of haste {@q3,}


   Skills:
 - Level 3.0 Fighting
 + Level 1.9 Short Blades
 - Level 1.7 Dodging
 + Level 4.6 Stealth


You couldn't memorise any spells.
You didn't know any spells.
Your spell library was empty.

Dungeon Overview and Level Annotations

Branches:
Dungeon (5/15)
 Temple: D:4-7

Altars:

Annotations:
D:5 Menkaure


Message History

You become an orb of ice!
Welcome, Goblin1989 the Demonspawn Delver.
Will you be the one to retrieve the awesome Orb of Zot from the depths?
Press ? for a list of commands and other information.
Found a stone staircase leading down.
Found a scroll labelled BIUTOSU EROFO.
A worker ant comes into view.
You open the door.
Found an escape hatch in the floor.
There is an open door here.
Menkaure, Prince of Dust comes into view.
There is an open door here.
You close the door.
Sorry, you're not good enough to have a special ability.
Sorry, you're not good enough to have a special ability.
Found a long sword.
Found 19 gold pieces.
A worm comes into view.
Saving game... please wait.
Level annotation: Menkaure You become an orb of ice!
Welcome back, Goblin1989 the Demonspawn Delver.
Press ? for a list of commands and other information.
A jackal comes into view. x2
The jackal moves out of view.
A jackal comes into view.
The teleport trap disappears.
The jackal disappears!
The jackal barks!
You start waiting.
A jackal is nearby!
A jackal is nearby!
The jackal barely misses you.
You hit the jackal but do no damage. The jackal barely misses you.
The jackal closely misses you.
You hit the jackal.
The jackal is moderately wounded.
The jackal closely misses you.
You hit the jackal.
The jackal is severely wounded.
The jackal bites you but does no damage.
The jackal closely misses you.
You hit the jackal.
The jackal is almost dead.
The jackal barely misses you.
You closely miss the jackal.
The jackal is almost dead.
The jackal misses you. The jackal closely misses you.
You hit the jackal but do no damage.
The jackal is almost dead.
The jackal bites you but does no damage.
You barely miss the jackal.
The jackal is almost dead.
The jackal bites you.
You take 3 damage, and have 15/18 hp.
You hit the jackal.
You kill the jackal!
The jackal barks!
You see here a jackal corpse.
You hit the jackal.
The jackal is moderately wounded.
The jackal bites you.
You take 3 damage, and have 12/18 hp.
You hit the jackal.
The jackal is severely wounded.
The jackal closely misses you. x2
You hit the jackal.
You kill the jackal!
Found a runed robe.
You hit the worker ant.
The worker ant is moderately wounded.
The worker ant bites you.
* * * LOW HITPOINT WARNING * * *
The worker ant misses you.
You take 5 damage, and have 7/18 hp.
MASSIVE DAMAGE!!
You hit the worker ant.
The worker ant is heavily wounded.
The worker ant bites you.
* * * LOW HITPOINT WARNING * * *
You take 2 damage, and have 5/18 hp.
You closely miss the worker ant.
The worker ant is heavily wounded.
The worker ant bites you.
* * * LOW HITPOINT WARNING * * *
You are lethally poisoned!
The worker ant poisons you!
You take 4 damage, and have 1/18 hp.
MASSIVE DAMAGE!!
You hit the worker ant.
The worker ant is severely wounded.
* * * LOW HITPOINT WARNING * * *
You feel sick. The worker ant barely misses you.
You barely miss the worker ant.
The worker ant is severely wounded.
You die...

█..█.█ ██.█.█ ..
███...█████ ...
██.........█ ....
█......███†███████....
█.....>...............
█....██.......?....█
███████............█
█.......@....█
█.......B....█
█............█
█............█
█............█
.............█
█............█
.........[..█


You could see a worker ant.

Vanquished Creatures
  2 jackals (D:5)
2 creatures vanquished.

Notes
Turn   | Place    | Note
-------+----------+-------------------------------------------
     0 | D:5      | Goblin1989 the Demonspawn Delver began the quest for the
                  | Orb.
     0 | D:5      | Reached XP level 1. HP: 18/18 MP: 1/1
     1 | D:5      | Noticed a worker ant
    13 | D:5      | Noticed Menkaure
    67 | D:5      | Succumbed to a worker ant's poison

Illustrated notes

Levels and vault maps discovered:
D:5:      layout_basic, kennysheep_generic_room_12, uniq_menkaure

Action                   || total
-------------------------++-------
Melee: Short sword       ||    16
Armor: Leather armour    ||     2
Dodge: Dodged            ||    12

Table legend: (Time is in decaauts)
 A = Elapsed time spent in this place.
 B = Non-inter-level travel time spent in this place.
 C = Inter-level travel time spent in this place.
 D = Time resting spent in this place.
 E = Time spent auto-exploring this place.
 F = Levels seen in this place.
 G = Mean time per level.
                   A        B        C        D        E       F      G
               +--------+--------+--------+--------+--------+-----+--------+
         Total |     67 |     67 |      0 |      3 |      0 |   1 |   67.0 |
       Dungeon |     67 |     67 |      0 |      3 |      0 |   1 |   67.0 |
               +--------+--------+--------+--------+--------+-----+--------+

Top non-repeatable levels by time:
     D:5: 67 daAuts
